| TOP OF THE 1ST |
|
Arizona Diamondbacks batting - Pitching for Colorado Rockies : RHP Colin Lancey Jr.
|
|
Pitching: RHP Colin Lancey Jr.
|
|
|
Batting: RHB Katilimomi Kelekolio
|
0-0: SINGLE (Groundball, 4MS, EV 68.1 MPH) (infield hit)
|
|
Batting: LHB Roy Steigerwald
|
0-0: Ball 1-0: Ball 2-0: DOUBLE (Line Drive, 3D, EV 94.4 MPH) Katilimomi Kelekolio to third Runner from 3rd tries for Home, SAFE, throw by RF to home
|
|
Batting: LHB Jason Peck
|
0-0: Ball 1-0: Foul Ball, location: 2F 1-1: Called Strike 1-2: Strikes out swinging
|
|
Batting: LHB Joel Kunkler
|
0-0: Ball 1-0: Called Strike 1-1: Ball 2-1: Foul Ball, location: 2F 2-2: Strikes out swinging
|
|
Batting: RHB Andy Swaim
|
0-0: Ball 1-0: Foul Ball, location: 2F 1-1: Swinging Strike 1-2: Strikes out swinging
|
| Top of the 1st over - 1 run, 2 hits, 0 errors, 1 left on base; Arizona 1 - Colorado 0 |
| BOTTOM OF THE 1ST |
|
Colorado Rockies batting - Pitching for Arizona Diamondbacks : RHP Marcus Wolfe
|
|
Pitching: RHP Marcus Wolfe
|
|
|
Batting: SHB Eddie Quinones
|
0-0: Ball 1-0: Called Strike 1-1: Swinging Strike 1-2: Ball 2-2: Strikes out swinging
|
|
Batting: RHB Henry Alvizo
|
0-0: Called Strike 0-1: Bunt for hit to 5S - play at first, batter OUT! 5-3
|
|
Batting: LHB Freddy Troncoso
|
0-0: Called Strike 0-1: Fly out, F8 (Flyball, 8LD, EV 104.4 MPH)
|
| Bottom of the 1st over - 0 runs, 0 hits, 0 errors, 0 left on base; Arizona 1 - Colorado 0 |
| TOP OF THE 2ND |
|
Arizona Diamondbacks batting - Pitching for Colorado Rockies : RHP Colin Lancey Jr.
|
|
Batting: SHB Warren Eisner
|
0-0: Ball 1-0: Ground out 4-3 (Groundball, 4, EV 83.1 MPH)
|
|
Batting: SHB Salvador Aragon
|
0-0: Fly out, F5 (Popup, 56S, EV 83.1 MPH)
|
|
Batting: LHB Mike Mentzer
|
0-0: Called Strike 0-1: Foul Ball, location: 2F 0-2: Foul Ball, location: 2F 0-2: Ball 1-2: Foul Ball, location: 2F 1-2: Ball 2-2: Strikes out swinging
|
| Top of the 2nd over - 0 runs, 0 hits, 0 errors, 0 left on base; Arizona 1 - Colorado 0 |
| BOTTOM OF THE 2ND |
|
Colorado Rockies batting - Pitching for Arizona Diamondbacks : RHP Marcus Wolfe
|
|
Batting: SHB Jon Munoz
|
0-0: Ball 1-0: Ball 2-0: Swinging Strike 2-1: Fly out, F6 (Line Drive, 56, EV 70.0 MPH)
|
|
Batting: RHB Jason Andrews
|
0-0: Called Strike 0-1: Ball 1-1: Ball 2-1: SOLO HOME RUN (Flyball, 78XD, EV 96.9 MPH), Distance : 395 ft
|
|
Batting: SHB Billy Encinias
|
0-0: Ball 1-0: Foul Ball, location: 2F 1-1: Foul Ball, location: 2F 1-2: Foul Ball, location: 2F 1-2: Strikes out swinging
|
|
Batting: RHB Ryan Rinaldi
|
0-0: Fly out, F3 (Popup, 3SF, EV 74.4 MPH)
|
| Bottom of the 2nd over - 1 run, 1 hit, 0 errors, 0 left on base; Arizona 1 - Colorado 1 |
| TOP OF THE 3RD |
|
Arizona Diamondbacks batting - Pitching for Colorado Rockies : RHP Colin Lancey Jr.
|
|
Batting: LHB Bobby Arevalo
|
0-0: DOUBLE (Flyball, 8LXD, EV 104.4 MPH)
|
|
Batting: RHB Katilimomi Kelekolio
|
0-0: Called Strike 0-1: Ball 1-1: Ball 2-1: Ball 3-1: Base on Balls
|
|
Batting: LHB Roy Steigerwald
|
0-0: Called Strike 0-1: Ball 1-1: Called Strike 1-2: Ball 2-2: Strikes out swinging
|
|
Batting: LHB Jason Peck
|
0-0: Called Strike 0-1: Ball 1-1: Fielders Choice at 2nd, 1-4 (Groundball, 15S, EV 62.5 MPH) Bobby Arevalo to third
|
|
Batting: LHB Joel Kunkler
|
0-0: Ball 1-0: Swinging Strike 1-1: Ball 2-1: Ball 3-1: Base on Balls Jason Peck to second
|
|
Batting: RHB Andy Swaim
|
0-0: Called Strike 0-1: Ball 1-1: Ground out U3 (Groundball, 34, EV 83.1 MPH)
|
| Top of the 3rd over - 0 runs, 1 hit, 0 errors, 3 left on base; Arizona 1 - Colorado 1 |
| BOTTOM OF THE 3RD |
|
Colorado Rockies batting - Pitching for Arizona Diamondbacks : RHP Marcus Wolfe
|
|
Batting: SHB Andy Vivas
|
0-0: Foul Ball, location: 2F 0-1: Swinging Strike 0-2: Ball 1-2: Foul Ball, location: 2F 1-2: Strikes out looking
|
|
Batting: RHB Sterling Acosta
|
0-0: Ball 1-0: Called Strike 1-1: Swinging Strike 1-2: Fly out, F8 (Flyball, 78D, EV 94.4 MPH)
|
|
Batting: SHB Eddie Quinones
|
0-0: Ball 1-0: Called Strike 1-1: Swinging Strike 1-2: Strikes out looking
|
| Bottom of the 3rd over - 0 runs, 0 hits, 0 errors, 0 left on base; Arizona 1 - Colorado 1 |
| TOP OF THE 4TH |
|
Arizona Diamondbacks batting - Pitching for Colorado Rockies : RHP Colin Lancey Jr.
|
|
Batting: SHB Warren Eisner
|
0-0: Called Strike 0-1: Fly out, F8 (Line Drive, 8RM, EV 94.4 MPH)
|
|
Batting: SHB Salvador Aragon
|
0-0: Called Strike 0-1: Ball 1-1: Fly out, F7 (Flyball, 78M, EV 81.9 MPH)
|
|
Batting: LHB Mike Mentzer
|
0-0: Swinging Strike 0-1: Foul Ball, location: 2F 0-2: Strikes out swinging
|
| Top of the 4th over - 0 runs, 0 hits, 0 errors, 0 left on base; Arizona 1 - Colorado 1 |
| BOTTOM OF THE 4TH |
|
Colorado Rockies batting - Pitching for Arizona Diamondbacks : RHP Marcus Wolfe
|
|
Batting: RHB Henry Alvizo
|
0-0: Called Strike 0-1: Foul Ball, location: 2F 0-2: Ball 1-2: Ball 2-2: Ball 3-2: Foul Ball, location: 2F 3-2: Base on Balls
|
|
Batting: LHB Freddy Troncoso
|
0-0: Ball 1-0: Foul Ball, location: 2F 1-1: Ball 2-1: Ball 3-1: Foul Ball, location: 2F 3-2: 2-RUN HOME RUN (Flyball, 9D, EV 105.6 MPH), Distance : 401 ft
|
|
Batting: SHB Jon Munoz
|
0-0: Called Strike 0-1: Ball 1-1: Called Strike 1-2: Strikes out swinging
|
|
Batting: RHB Jason Andrews
|
0-0: Ball 1-0: Foul Ball, location: 2F 1-1: Ball 2-1: Ball 3-1: Foul Ball, location: 2F 3-2: Fly out, F9 (Flyball, 9, EV 95.0 MPH)
|
|
Batting: SHB Billy Encinias
|
0-0: Swinging Strike 0-1: Ball 1-1: Called Strike 1-2: Strikes out looking
|
| Bottom of the 4th over - 2 runs, 1 hit, 0 errors, 0 left on base; Arizona 1 - Colorado 3 |
| TOP OF THE 5TH |
|
Arizona Diamondbacks batting - Pitching for Colorado Rockies : RHP Colin Lancey Jr.
|
|
Batting: LHB Bobby Arevalo
|
0-0: Swinging Strike 0-1: Called Strike 0-2: Ball 1-2: SINGLE (Groundball, 5S, EV 70.6 MPH) (infield hit)
|
|
Batting: RHB Katilimomi Kelekolio
|
0-0: Ball 1-0: Called Strike 1-1: Foul Ball, location: 2F 1-2: Strikes out swinging
|
|
Batting: LHB Roy Steigerwald
|
0-0: SINGLE (Line Drive, 4MD, EV 102.5 MPH) Bobby Arevalo to second
|
|
Batting: LHB Jason Peck
|
0-0: Ball 1-0: Foul Ball, location: 2F 1-1: Called Strike 1-2: Strikes out looking
|
|
Batting: LHB Joel Kunkler
|
0-0: Foul Ball, location: 2F 0-1: Ball 1-1: DOUBLE (Groundball, 3L, EV 94.4 MPH) Bobby Arevalo scores Roy Steigerwald to third Runner from 3rd tries for Home, SAFE, throw by RF to home
|
|
Batting: RHB Andy Swaim
|
0-0: Ball 1-0: Called Strike 1-1: Foul Ball, location: 2F 1-2: Ball 2-2: Ball 3-2: Foul Ball, location: 2F 3-2: Base on Balls
|
|
Batting: SHB Warren Eisner
|
0-0: Called Strike 0-1: Ball 1-1: Foul Ball, location: 2F 1-2: Strikes out swinging
|
| Top of the 5th over - 2 runs, 3 hits, 0 errors, 2 left on base; Arizona 3 - Colorado 3 |
| BOTTOM OF THE 5TH |
|
Colorado Rockies batting - Pitching for Arizona Diamondbacks : RHP Marcus Wolfe
|
|
Batting: RHB Ryan Rinaldi
|
0-0: SINGLE (Line Drive, 9LS, EV 91.2 MPH)
|
|
Batting: SHB Andy Vivas
|
0-0: Ball 1-0: Called Strike 1-1: Foul Ball, location: 2F 1-2: Foul Ball, location: 2F 1-2: Strikes out looking
|
|
Batting: RHB Sterling Acosta
|
0-0: Called Strike Ryan Rinaldi is caught stealing 2nd base 2-4 0-1: SINGLE (Groundball, 3S, EV 100.0 MPH)
|
|
Batting: SHB Eddie Quinones
|
0-0: SINGLE (Groundball, 6MS, EV 64.4 MPH) (infield hit) Sterling Acosta to second
|
|
Batting: RHB Henry Alvizo
|
0-0: Called Strike 0-1: Ball 1-1: Ball 2-1: Swinging Strike 2-2: Ball 3-2: Strikes out swinging
|
| Bottom of the 5th over - 0 runs, 3 hits, 0 errors, 2 left on base; Arizona 3 - Colorado 3 |
| TOP OF THE 6TH |
|
Arizona Diamondbacks batting - Pitching for Colorado Rockies : RHP Colin Lancey Jr.
|
|
Batting: SHB Salvador Aragon
|
0-0: Ground out 4-3 (Groundball, 4M, EV 91.2 MPH)
|
|
Batting: LHB Mike Mentzer
|
0-0: Foul Ball, location: 2F 0-1: Ball 1-1: Ball 2-1: Ball 3-1: Foul Ball, location: 2F 3-2: Ground out 4-3 (Groundball, 4, EV 102.5 MPH)
|
|
Batting: LHB Bobby Arevalo
|
0-0: Foul Ball, location: 2F 0-1: Ball 1-1: Ball 2-1: SINGLE (Line Drive, 8RS, EV 96.2 MPH)
|
|
Batting: RHB Katilimomi Kelekolio
|
0-0: Called Strike 0-1: Called Strike 0-2: Ball 1-2: Fly out, F9 (Flyball, 9LSF, EV 85.0 MPH)
|
| Top of the 6th over - 0 runs, 1 hit, 0 errors, 1 left on base; Arizona 3 - Colorado 3 |
| BOTTOM OF THE 6TH |
|
Colorado Rockies batting - Pitching for Arizona Diamondbacks : RHP Marcus Wolfe
|
|
Batting: LHB Freddy Troncoso
|
0-0: Ball 1-0: Ball 2-0: Called Strike 2-1: Foul Ball, location: 2F 2-2: SINGLE (Line Drive, 34, EV 95.6 MPH)
|
|
Batting: SHB Jon Munoz
|
0-0: Ball 1-0: Ball 2-0: Called Strike 2-1: Grounds into double play, 4-6-3 (Groundball, 4S, EV 86.2 MPH)
|
|
Batting: RHB Jason Andrews
|
0-0: Ball 1-0: Ball 2-0: Called Strike 2-1: Ground out 6-3 (Groundball, 6S, EV 93.1 MPH)
|
| Bottom of the 6th over - 0 runs, 1 hit, 0 errors, 0 left on base; Arizona 3 - Colorado 3 |
| TOP OF THE 7TH |
|
Arizona Diamondbacks batting - Pitching for Colorado Rockies : RHP Colin Lancey Jr.
|
|
Batting: LHB Roy Steigerwald
|
0-0: Ball 1-0: Ball 2-0: Called Strike 2-1: Foul Ball, location: 2F 2-2: Strikes out swinging
|
|
Batting: LHB Jason Peck
|
0-0: Ball 1-0: Called Strike 1-1: Foul Ball, location: 2F 1-2: Ground out 4-3 (Groundball, 4, EV 91.2 MPH)
|
|
Batting: LHB Joel Kunkler
|
0-0: Ball 1-0: Ball 2-0: Ground out 1-3 (Groundball, 13, EV 67.5 MPH)
|
| Top of the 7th over - 0 runs, 0 hits, 0 errors, 0 left on base; Arizona 3 - Colorado 3 |
| BOTTOM OF THE 7TH |
|
Colorado Rockies batting - Pitching for Arizona Diamondbacks : RHP Marcus Wolfe
|
|
Batting: SHB Billy Encinias
|
0-0: Ball 1-0: Called Strike 1-1: Ball 2-1: SINGLE (Groundball, 34D, EV 96.9 MPH)
|
|
Batting: RHB Ryan Rinaldi
|
0-0: Swinging Strike 0-1: Ball 1-1: TRIPLE (Flyball, 78XD, EV 98.8 MPH) Billy Encinias scores
|
|
Batting: SHB Andy Vivas
|
0-0: Ball 1-0: Ball 2-0: Ball 3-0: Called Strike 3-1: Fly out, F8 (Line Drive, 8LD, EV 85.6 MPH)
|
|
Batting: RHB Sterling Acosta
|
0-0: Ball 1-0: Foul Ball, location: 2F 1-1: Foul Ball, location: 2F 1-2: Ball 2-2: Ball 3-2: Ground out 4-3 (Groundball, 4, EV 88.8 MPH)
|
|
Pitching: RHP Bill Pauley
|
|
|
Batting: SHB Eddie Quinones
|
0-0: Ball 1-0: Called Strike 1-1: Ball 2-1: Called Strike 2-2: Foul Ball, location: 2F 2-2: Strikes out swinging
|
| Bottom of the 7th over - 1 run, 2 hits, 0 errors, 1 left on base; Arizona 3 - Colorado 4 |
| TOP OF THE 8TH |
|
Arizona Diamondbacks batting - Pitching for Colorado Rockies : RHP Colin Lancey Jr.
|
|
Batting: RHB Andy Swaim
|
0-0: Called Strike 0-1: Ball 1-1: Ball 2-1: Ball 3-1: Base on Balls
|
|
Batting: SHB Warren Eisner
|
0-0: Ball 1-0: Sac Bunt to 2L - play at first, batter OUT! 2-3 Andy Swaim to second
|
|
Batting: SHB Salvador Aragon
|
0-0: Called Strike 0-1: Called Strike 0-2: Foul Ball, location: 2F 0-2: Ball 1-2: Strikes out swinging
|
|
Pitching: RHP Tony Campos
|
|
|
Batting: LHB Mike Mentzer
|
0-0: Swinging Strike 0-1: Ball 1-1: Foul Ball, location: 2F 1-2: Fly out, F8 (Flyball, 8RS, EV 96.2 MPH)
|
| Top of the 8th over - 0 runs, 0 hits, 0 errors, 1 left on base; Arizona 3 - Colorado 4 |
| BOTTOM OF THE 8TH |
|
Colorado Rockies batting - Pitching for Arizona Diamondbacks : RHP Bill Pauley
|
|
Batting: RHB Henry Alvizo
|
0-0: Swinging Strike 0-1: Foul Ball, location: 2F 0-2: Ball 1-2: Ground out 5-3 (Groundball, 5S, EV 83.8 MPH)
|
|
Batting: LHB Freddy Troncoso
|
0-0: Ball 1-0: DOUBLE (Flyball, 8RXD, EV 91.2 MPH)
|
|
Batting: SHB Jon Munoz
|
0-0: Ball 1-0: Ball 2-0: SINGLE (Groundball, 56D, EV 110.6 MPH) Freddy Troncoso to third Runner from 3rd tries for Home, throw by LF and OUT! 7-2
|
|
Batting: RHB Jason Andrews
|
0-0: Called Strike 0-1: Called Strike Jon Munoz is caught stealing 2nd base 2-4
|
| Bottom of the 8th over - 0 runs, 2 hits, 0 errors, 0 left on base; Arizona 3 - Colorado 4 |
| TOP OF THE 9TH |
|
Arizona Diamondbacks batting - Pitching for Colorado Rockies : RHP Tony Campos
|
|
Pitching: RHP Tye Dickinson
|
|
|
Batting: LHB Bobby Arevalo
|
0-0: Ball 1-0: Foul Ball, location: 2F 1-1: Ball 2-1: Ball 3-1: Base on Balls
|
|
Batting: RHB Katilimomi Kelekolio
|
0-0: Ball 1-0: Swinging Strike 1-1: Sac Bunt to 2R - play at first, batter OUT! 2-3 Bobby Arevalo to second
|
|
Batting: LHB Roy Steigerwald
|
0-0: Ball 1-0: Ball 2-0: Ball 3-0: Base on Balls
|
|
Batting: LHB Jason Peck
|
0-0: Called Strike 0-1: Ball 1-1: Foul Ball, location: 2F 1-2: Fly out, F8 (Flyball, 8RD, EV 95.0 MPH)
|
|
Batting: LHB Joel Kunkler
|
0-0: Ball 1-0: Ball 2-0: Ball 3-0: Called Strike 3-1: Base on Balls Bobby Arevalo to third Roy Steigerwald to second
|
|
Batting: RHB Andy Swaim
|
0-0: Foul Ball, location: 2F 0-1: Ground out 3-1 (Groundball, 13, EV 80.6 MPH)
|
| Top of the 9th over - 0 runs, 0 hits, 0 errors, 3 left on base; Arizona 3 - Colorado 4 |
|